 Dungeon Crawl Stone Soup version 0.16-a0-38-g23a437e (webtiles) character file.

1192 Bloax the Covert (level 8, -4/55 HPs)
             Began as a Vampire Gladiator on Aug 4, 2014.
             Was an Initiate of Cheibriados.
             Engulfed by their own flame (16 damage)
             ... on Level 5 of the Dungeon.
             The game lasted 00:11:33 (2564 turns).

Bloax the Covert (Vampire Gladiator)                Turns: 2564, Time: 00:11:33

HP  -4/55        AC  7     Str 15      XL: 8   Next: 20%
MP   8/8         EV 13     Int 11      God: Cheibriados [......]
Gold 87          SH  0     Dex 17      Spells:  0 memorised,  7 levels left

rFire  . . .     SeeInvis +     q - +1 dagger (vamp) {!w}
rCold  + . .     Clarity  .     b - +0 leather armour
rNeg   . . .     rCorr    .     (no shield)
rPois  .         rRot     .     c - +0 helmet
rElec  .         Spirit   .     (no cloak)
SustAb .         Warding  .     n - +0 pair of gloves
rMut   .         Stasis   .     h - +1 pair of boots
Gourm  .                        (no amulet)
MR     .....                    i - ring of protection from cold
                                (no ring)

@: lethally poisoned, regenerating quickly, very slow, not resistant to hostile
enchantments, quite stealthy
A: bottle blood, fangs 3, see invisible, unbreathing
a: Bottle Blood, Bend Time, Renounce Religion


You were on level 5 of the Dungeon.
You worshipped Cheibriados.
Cheibriados was noncommittal.
You were full.

You visited 2 branches of the dungeon, and saw 6 of its levels.

You collected 132 gold pieces.
You spent 45 gold pieces at shops.


Innate Abilities, Weirdness & Mutations

Your natural rate of healing is unusually fast.
You can bottle blood from corpses.
You have razor-sharp teeth.
You have supernaturally acute eyesight.
You can survive without breathing.


   Skills:
 - Level 1.7 Fighting
 + Level 8.3 Short Blades
 - Level 1.5 Throwing
 - Level 3.2 Dodging
 + Level 10.5 Stealth


You had 7 spell levels left.
You didn't know any spells.

Dungeon Overview and Level Annotations

Branches:
Dungeon (5/15)             Temple (1/1) D:4

Altars:
Cheibriados
Elyvilon
Gozag
Kikubaaqudgha
Makhleb
Nemelex Xobeh
Sif Muna
Trog
Vehumet
Xom
Yredelemnul
The Shining One

Shops:
D:4 [   D:5 (

Inventory:

Hand weapons
 a - a +1 cutlass
 j - the +9 mace "Chuodaf" {crush, Int-3, unknown}
   (You found it on level 5 of the Dungeon)

   It inflicts extra damage upon your enemies.
   It affects your intelligence (-3).
 q - a +1 vampiric dagger (weapon) {!w}
   (You took it off a kobold on level 4 of the Dungeon)
Missiles
 d - 3 throwing nets (quivered)
 o - 7 tomahawks
Armour
 b - a +0 leather armour (worn)
 c - a +0 helmet (worn)
 h - a +1 pair of boots (worn)
   (You found it on level 1 of the Dungeon)
 n - a +0 pair of gloves (worn)
   (You bought it in a shop on level 4 of the Dungeon)
Magical devices
 e - a wand of flame (13)
   (You found it on level 3 of the Dungeon)
 l - a wand of frost (10)
   (You found it on level 3 of the Dungeon)
Scrolls
 f - a scroll of recharging
 g - a scroll of identify
Jewellery
 i - a ring of protection from cold (right hand)
   (You found it on level 3 of the Dungeon)
Potions
 m - a potion of heal wounds

.. #.# #.. #.## ######..######.#
................# #
############.######## ..
....|...####¤¤########.###.#####
..?..........¤¤¤@................
.........###'###¤.#####.###......
....?....# #.# #..# #.####.
........###.###.## #.
........+.._###.## #.
.\......###.###..# #. ....?..#
#.# #.%## #.##+#'
.$......###'###...# #......
.D..............#. ##......


There were no monsters in sight!


Message History

You draw the jackal's blood!
You feel slightly more full.
You hit the jackal.
You kill the jackal!
Cheibriados appreciates the change of pace.
No target in view!
No target in view!
Read which item? (? for menu, Esc to quit)
Identify which item? (\ to view known items) (? for menu, Esc to quit)
Okay, then.
Read which item? (? for menu, Esc to quit)
Okay, then.
Found a scroll labeled FIARIC GHAIHIU.
Evoke which item? (* to show all) (? for menu, Esc to quit)
Zapping:
l - a wand of frost {zapped: 1}
Aim: a worker ant (resting)
The puff of frost hits the worker ant.
The worker ant is moderately wounded.
The worker ant barely misses you.
You hit the worker ant but do no damage.
The worker ant is moderately wounded.
You closely miss the worker ant.
The worker ant is moderately wounded.
The worker ant bites you.
You hit the worker ant but do no damage.
The worker ant is moderately wounded.
The worker ant barely misses you. The worker ant closely misses you.
The worker ant bites you.
Drink which item? (? for menu, Esc to quit)
Okay, then.
Read which item? (? for menu, Esc to quit)
As you read the scroll labeled GREANK KATHRO, it crumbles to dust.
It is a scroll of enchant armour.
Enchant which item? (? for menu, Esc to quit)
Your +0 pair of boots glows green for a moment.
The worker ant bites you but does no damage.
Read which item? (? for menu, Esc to quit)
As you read the scroll labeled FIARIC GHAIHIU, it crumbles to dust.
The creatures around you are filled with an inner flame!
It was a scroll of immolation.
The worker ant closely misses you.
Drink which item? (? for menu, Esc to quit)
Okay, then.
You barely miss the worker ant.
The worker ant is moderately wounded.
The worker ant misses you.
You hit the worker ant.
You feel better.
The worker ant is heavily wounded.
The worker ant barely misses you.
You hit the worker ant.
The worker ant is severely wounded.
The worker ant bites you.
You are poisoned.
The worker ant poisons you!
You hit the worker ant.
You feel better.
The worker ant is almost dead.
You feel sick.
You barely miss the worker ant.
The worker ant is almost dead.
The worker ant misses you.
You hit the worker ant.
You feel better.
The worker ant explodes!
The fiery explosion engulfs the wyvern.
The wyvern explodes!
Cheibriados appreciates the change of pace.
Your Short Blades skill increases to level 8!
The fiery explosion engulfs you!
Ouch! That really hurt!
* * * LOW HITPOINT WARNING * * *
Cheibriados appreciates the change of pace.
You are engulfed in roaring flames.
You die...

Action                   |  1- 3 |  4- 6 |  7- 9 || total
-------------------------+-------+-------+-------++-------
Melee: Cutlass           |    93 |   167 |       ||   260
       Dagger            |       |    10 |    42 ||    52
Evoke: Wand              |       |       |     2 ||     2
  Use: Potion            |     1 |     2 |       ||     3
       Scroll            |       |    10 |     2 ||    12
 Stab: Sleeping          |     2 |     3 |     3 ||     8
       Invisible         |       |     1 |       ||     1
  Eat: Corpse            |     9 |     9 |       ||    18

Vault maps used:
D:1:      roderic_octagonal_star
D:2:      okawaru_metal_pillars_1_2, first_bread, minmay_bisected
D:3:      minmay_goblin_outpost
D:4:      lemuel_round_altar, nemelex_altar_shiori, grunt_dithmenos_shadows,
          lemuel_coloured_pillars_altar, minmay_temple_entry_fiery,
          serial_shops, nicolae_shop_crystal, uniq_blork_the_orc
D:5:      grunt_qazlal_clouds, lemuel_doored_altar, serial_shops, shop
Temple:   zaba_magenta_temple_8

Notes
Turn   | Place    | Note
--------------------------------------------------------------
     0 | D:1      | Bloax, the Vampire Gladiator, began the quest for the Orb.
     0 | D:1      | Reached XP level 1. HP: 16/16 MP: 1/1
   116 | D:1      | Reached skill level 1 in Stealth
   165 | D:1      | Reached XP level 2. HP: 22/22 MP: 2/2
   178 | D:1      | Reached skill level 2 in Stealth
   469 | D:2      | Reached skill level 3 in Stealth
   598 | D:3      | Reached skill level 4 in Short Blades
   598 | D:3      | Reached skill level 4 in Stealth
   598 | D:3      | Reached XP level 3. HP: 19/27 MP: 3/3
   631 | D:3      | Reached XP level 4. HP: 11/33 MP: 4/4
   661 | D:3      | Noticed tabulaattori's ghost (average DrTm)
   683 | D:3      | HP: 8/33 [tabulaattori's ghost (6)]
   689 | D:3      | HP: 4/33 [tabulaattori's ghost (6)]
   726 | D:3      | HP: 5/33 [tabulaattori's ghost (7)]
   767 | D:3      | HP: 8/33 [tabulaattori's ghost (6)]
   787 | D:3      | HP: 7/33 [tabulaattori's ghost (5)]
   818 | D:3      | HP: 5/33 [tabulaattori's ghost (6)]
   841 | D:3      | HP: 4/33 [tabulaattori's ghost (6)]
   868 | D:3      | HP: 5/33 [tabulaattori's ghost (5)]
   898 | D:3      | HP: 4/33 [tabulaattori's ghost (7)]
   908 | D:3      | HP: 2/33 [tabulaattori's ghost (4)]
   958 | D:3      | Killed tabulaattori's ghost
   958 | D:3      | Reached skill level 5 in Short Blades
   958 | D:3      | Reached skill level 5 in Stealth
   958 | D:3      | Reached XP level 5. HP: 14/38 MP: 5/5
  1049 | D:3      | Reached skill level 6 in Stealth
  1406 | D:3      | Reached XP level 6. HP: 31/44 MP: 6/6
  1445 | D:3      | HP: 11/44 [goblin/ stone (3)]
  1750 | D:4      | Found Pheajeqi's Armour Emporium.
  1758 | D:4      | Bought a +0 pair of gloves for 45 gold pieces
  1778 | D:4      | Found a sparkling altar of Nemelex Xobeh.
  1845 | D:4      | Found a shimmering altar of Xom.
  1920 | D:4      | Found a staircase to the Ecumenical Temple.
  1926 | Temple   | Entered the Ecumenical Temple
  1971 | Temple   | Became a worshipper of Cheibriados the Contemplative
  2170 | D:4      | Found an opulent altar of Gozag.
  2267 | D:5      | Entered Level 5 of the Dungeon
  2333 | D:5      | Noticed a hill giant
  2344 | D:5      | Killed a hill giant
  2344 | D:5      | Reached skill level 7 in Short Blades
  2344 | D:5      | Reached skill level 9 in Stealth
  2344 | D:5      | Reached XP level 7. HP: 49/49 MP: 7/7
  2384 | D:5      | Got a polished mace
  2495 | D:5      | Found a glowing golden altar of the Shining One.
  2502 | D:5      | Noticed a wyvern
  2503 | D:5      | Found Nobbimyw's Weapon Shop.
  2504 | D:5      | Reached skill level 10 in Stealth
  2504 | D:5      | Reached XP level 8. HP: 55/55 MP: 8/8
  2564 | D:5      | Killed a wyvern
  2564 | D:5      | Reached skill level 8 in Short Blades
  2564 | D:5      | HP: 12/55 [worker ant/exploding inner flame[the player character] (42)]
  2564 | D:5      | Engulfed by their own flame

Vanquished Creatures
  A hill giant (D:5)
  A wyvern (D:5)
  The ghost of tabulaattori the Changer, an average DrTm (D:3)
  A sky beast (D:5)
  A centaur (D:5)
  A crimson imp (D:5)
  A hound (D:3)
  A worker ant (D:5)
  6 adders (D:3)
  2 giant mites
  A worm (D:4)
  A giant gecko (D:4)
  11 orcs
  8 bats
  A bat skeleton (D:4)
  3 giant cockroaches
  7 hobgoblins
  6 jackals
  A quokka (D:3)
  5 giant newts
  8 goblins
  2 kobolds (D:4)
  7 rats
77 creatures vanquished.

Vanquished Creatures (others)
  A jackal (D:5)
1 creature vanquished.

Grand Total: 78 creatures vanquished
